 Dungeon Crawl Stone Soup version 0.20.1-1-g8b1a95d (webtiles) character file.

227 WishICouldWin the Chopper (level 6, -5/51 HPs)
             Began as a Hill Orc Fighter on Nov 7, 2017.
             Was a Believer of Cheibriados.
             Slain by an ogre
             ... wielding a +0 giant club
              (8 damage)
             ... on level 3 of the Dungeon.
             The game lasted 00:04:52 (2864 turns).

WishICouldWin the Chopper (Hill Orc Fighter)        Turns: 2864, Time: 00:04:53

Health: -5/51      AC: 12    Str: 25    XL:     6   Next: 2%
Magic:  8/8        EV:  5    Int: 14    God:    Cheibriados [**....]
Gold:   122        SH: 10    Dex: 17    Spells: 5/5 levels left

rFire    . . .     SeeInvis .   a - +0 war axe
rCold    . . .     Gourm    .   c - +0 shield
rNeg     . . .     Faith    .   x - +0 chain mail
rPois    .         Spirit   .   (no helmet)
rElec    .         Reflect  .   (no cloak)
rCorr    .         Harm     .   k - +1 pair of gloves
MR       +....                  w - +0 pair of boots
Stlth    ..........             (no amulet)
Regen    0.2/turn               i - +2 ring of dexterity
MPRegen  0.2/turn               z - ring of protection from magic

@: very slow
A: no striking features
a: Bend Time, Renounce Religion


You were on level 3 of the Dungeon.
You worshipped Cheibriados.
Cheibriados was pleased with you.
You were not hungry.

You visited 1 branch of the dungeon, and saw 3 of its levels.

You collected 122 gold pieces.

Inventory:

Hand Weapons
 a - a +0 war axe (weapon)
Armour
 b - a +0 scale mail
 c - a +0 shield (worn)
 k - a +1 pair of gloves (worn)
 w - a +0 pair of boots (worn)
 x - a +0 chain mail (worn)
Jewellery
 i - a +2 ring of dexterity (left hand)
 s - an uncursed ring of see invisible
 u - an uncursed ring of positive energy
 y - an uncursed ring of stealth
 z - a ring of protection from magic (right hand)
 C - an uncursed ring of protection from cold {unknown}
Wands
 h - a wand of flame (20/48)
 o - a wand of random effects (15/48)
Scrolls
 e - 2 scrolls of teleportation {unknown}
 l - a scroll of fear {unknown}
 n - 2 scrolls of remove curse {unknown}
 p - a scroll of noise {unknown}
 q - a scroll of identify {unknown}
 E - a scroll of random uselessness {unknown}
Potions
 d - a potion of might
 g - a potion of cancellation {unknown}
 m - a potion of brilliance {unknown}
 r - a potion of curing {unknown}
 t - a potion of degeneration {unknown}
 v - a potion of heal wounds {unknown}
 D - 2 potions of mutation {unknown}
Comestibles
 f - 3 bread rations
 j - 2 royal jellies
 A - a meat ration


   Skills:
 - Level 3.6 Fighting
 + Level 7.0 Axes
 - Level 3.2 Armour
 - Level 3.2 Shields
 + Level 3.4 Invocations


You had 5 spell levels left.
You didn't know any spells.

Dungeon Overview and Level Annotations

Branches:
Dungeon (3/15)

Altars:
Ashenzari
Cheibriados
Dithmenos
Makhleb
Nemelex Xobeh
Okawaru
Sif Muna
Zin


Message History

You are too injured to fight recklessly!
You are too injured to fight recklessly!
You are too injured to fight recklessly!
You are too injured to fight recklessly!
You are too injured to fight recklessly!
You are too injured to fight recklessly!
You are too injured to fight recklessly!
You are too injured to fight recklessly!
You are too injured to fight recklessly!
You hit the ogre but do no damage. The ogre hits you with a giant club!!
Your chain mail prevents you from hitting the ogre.
The ogre hits you with a giant club!!
* * * LOW HITPOINT WARNING * * *
You slash the ogre!
The ogre is moderately wounded.
The ogre hits you but does no damage.
You barely miss the ogre.
The ogre is moderately wounded.
The ogre hits you with a giant club!
You die...

..)..# ##......# #..##....#
##.#####....#### ###..#.....####
#.....(..#### #......_......#
#####.......# #.##.....#.†#.#
#.#..##.# #.##....##..#.#
#####.#..##.######.##........#.#
#....###'###.......#####.....#.##
##.####.(((##.....### ###.#####..##
......##≈.≈.#####@#####.#.# ##.#.#
##.####.≈.≈###...O...##...####.###.
##.## ##≈.≈.#......#.##............
#...# #.≈.≈##...........#####..#.#.
#..<# ##≈.≈.#......###### #.#...#
#...# ##_###......# ##.##..# #...#
###........#########...÷... #...#
#.....................÷#⌠.
#...######.#.....#........#...#####


You could see an ogre.

Vanquished Creatures
  A hound (D:3)
  Jessica (D:2)
  Natasha (D:3)
  A gnoll (D:3)
  4 adders
  2 oozes
  5 worms
  A dart slug (D:1)
  A leopard gecko (D:3)
  3 orcs (D:3)
  4 bats
  4 giant cockroaches
  7 goblins
  12 hobgoblins
  6 jackals
  A quokka (D:3)
  2 ball pythons (D:1)
  2 frilled lizards (D:2)
  6 kobolds
  10 rats
74 creatures vanquished.

Notes
Turn   | Place    | Note
-------+----------+-------------------------------------------
     0 | D:1      | WishICouldWin the Hill Orc Fighter began the quest for the Orb.
     0 | D:1      | Reached XP level 1. HP: 19/19 MP: 1/1
    52 | D:1      | Reached skill level 3 in Axes
   309 | D:1      | Reached XP level 2. HP: 26/26 MP: 2/2
   406 | D:1      | Reached skill level 4 in Axes
   824 | D:2      | Reached XP level 3. HP: 31/31 MP: 3/3
   886 | D:2      | Noticed Jessica
   891 | D:2      | Killed Jessica
   891 | D:2      | Reached skill level 5 in Axes
   891 | D:2      | Reached XP level 4. HP: 39/39 MP: 4/4
   931 | D:2      | Found a deep blue altar of Sif Muna.
  1415 | D:2      | Reached skill level 6 in Axes
  1480 | D:2      | Found a faded altar of an unknown god.
  1517 | D:2      | Became a worshipper of Cheibriados the Contemplative
  1517 | D:2      | Reached * piety under Cheibriados
  1729 | D:2      | Reached skill level 1 in Invocations
  1820 | D:3      | Reached XP level 5. HP: 45/45 MP: 5/5
  2061 | D:3      | Found a burning altar of Makhleb.
  2118 | D:3      | Found a shattered altar of Ashenzari.
  2134 | D:3      | Found a shadowy altar of Dithmenos.
  2137 | D:3      | Noticed Natasha
  2156 | D:3      | Killed Natasha
  2433 | D:3      | Found a sparkling altar of Nemelex Xobeh.
  2437 | D:3      | Reached ** piety under Cheibriados
  2521 | D:3      | Found an iron altar of Okawaru.
  2761 | D:3      | Found a glowing silver altar of Zin.
  2770 | D:3      | Reached skill level 7 in Axes
  2770 | D:3      | Reached XP level 6. HP: 47/51 MP: 8/8
  2862 | D:3      | HP: 2/51 [ogre/giant club (18)]
  2864 | D:3      | Slain by an ogre

Skill      XL: |  1  2  3  4  5 |
---------------+----------------+-----
Axes           | 3 4 5 6 7 |  7.0
Invocations    | 1 3 |  3.4
Fighting       | |  3.6
Armour         | |  3.2
Shields        | |  3.2

Action                   |  1- 3 |  4- 6 || total
-------------------------+-------+-------++-------
Melee: War axe           |    76 |   148 ||   224
  Eat: Chunk             |       |     4 ||     4
Armor: Scale mail        |    30 |    25 ||    55
       Chain mail        |       |    48 ||    48
Dodge: Dodged            |    16 |    28 ||    44
Block: Shield            |    33 |    67 ||   100
